Map: [ESL] Alcyone

Players

SpeCial

  • Race: Terran Terran
  • League: Master
  • Spawn Location: 7:00

Scarlett - Winner!

  • Race: Zerg Zerg
  • Spawn Location: 1:00

Event: IEM Katowice 2024

VOD

Have the link to the VOD?

Description

Time

  • Played on: Dec. 10, 2023, 8:39 p.m.
  • Length: 21:27

All games in this series

Show
View Real Time Build Order
Export as new Build Order

SpeCial Terran 

Build Orders:  

Get SALT Encoding   

  12  0:00  SCV  
  13  0:12  SCV  
  14  0:18  Supply Depot  
  14  0:24  SCV  
  15  0:39  SCV  
  15  0:40  Barracks  
  16  0:45  Refinery  
  16  0:52  SCV  
  17  1:02  Barracks  
  17  1:05  SCV  
  18  1:17  SCV  
  19  1:29  Orbital Command, Reaper  
  20  1:40  Supply Depot  
  20  1:49  Reaper  
  21  1:55  SCV  
  22  2:06  Reaper  
  22  2:07  SCV  
  24  2:19  Command Center, SCV  
  24  2:20  Refinery  
  25  2:31  SCV  
  26  2:43  SCV  
  27  2:49  Marine  
  28  2:55  Factory, SCV  
  29  2:59  Command Center  
  29  3:07  Barracks Reactor, SCV  
  30  3:19  SCV  
  31  3:31  SCV  
  32  3:37  Orbital Command  
  29  3:43  SCV  
  30  3:50  Barracks Tech Lab, Cyclone x2  
  34  3:55  SCV  
  34  3:58  Engineering Bay  
  34  4:00  Engineering Bay  
  35  4:04  SCV  
  35  4:08  Marine, SCV  
  35  4:09  Stimpack  
  38  4:12  Orbital Command  
  38  4:16  SCV  
  39  4:20  SCV  
  39  4:22  Hellion x2  
  44  4:25  Terran Infantry Weapons Level 1  
  44  4:28  Marine  
  44  4:29  SCV  
  46  4:32  SCV  
  46  4:33  Barracks  
  47  4:39  Terran Infantry Armor Level 1  
  47  4:40  SCV  
  47  4:41  SCV  
  47  4:44  SCV  
  50  4:46  Marine  
  50  4:51  Marine x2  
  53  4:53  Factory Reactor, SCV x2  
  53  4:54  Refinery  
  53  4:56  SCV  
  53  4:57  Supply Depot  
  56  5:04  Marine  
  56  5:05  SCV  
  58  5:09  Marine  
  58  5:11  SCV  
  58  5:12  SCV  
  61  5:14  Barracks, Starport  
  61  5:15  Barracks  
  61  5:19  SCV  
  62  5:21  Refinery  
  62  5:22  Supply Depot  
  62  5:23  SCV  
  62  5:24  Marine x2  
  62  5:25  Orbital Command  
  62  5:27  Barracks Reactor, Factory Reactor  
  65  5:29  Marine, SCV  
  65  5:32  Supply Depot  
  67  5:35  SCV  
  67  5:41  SCV  
  69  5:44  Marine x2  
  69  5:47  SCV, Marine  
  69  5:48  Supply Depot  
  73  5:50  Armory  
  73  5:52  Combat Shield  
  73  5:54  SCV x2  
  75  6:01  Marine  
  75  6:02  SCV, Marine  
  78  6:04  Marine  
  78  6:05  Barracks Reactor x2  
  78  6:06  SCV  
  78  6:07  Barracks  
  78  6:09  Barracks  
  80  6:13  Medivac  
  80  6:14  Medivac  
  80  6:15  SCV  
  80  6:17  SCV  
  86  6:19  Marine  
  86  6:22  Supply Depot  
  86  6:23  Marine x3  
  86  6:24  Factory Tech Lab, Marine  
  91  6:28  SCV x2  
  93  6:34  Supply Depot  
  93  6:35  Supply Depot  
  93  6:38  Terran Infantry Weapons Level 2  
  93  6:43  SCV x3, Marine x2, Refinery  
  93  6:46  Terran Infantry Armor Level 2  
  98  6:53  Supply Depot, Marine x3  
  101  6:55  Marine x3  
  101  6:56  SCV x2  
  101  6:58  Siege Tank  
  109  7:02  Barracks Tech Lab x2  
  109  7:03  SCV  
  109  7:08  SCV  
  111  7:10  Supply Depot  
  111  7:15  Medivac  
  111  7:21  Marine x6  
  111  7:22  Marine x3  
  118  7:24  Marauder  
  118  7:25  Marine  
  118  7:26  Supply Depot  
  118  7:29  Command Center  
  121  7:34  Siege Tank  
  121  7:37  Supply Depot, SCV  
  121  7:42  Terran Vehicle Weapons Level 1  
  121  7:43  SCV x2  
  121  7:45  Supply Depot, Marine x3, Refinery  
  121  7:46  Marauder  
  121  7:48  Marauder  
  121  7:51  Marauder  
  130  7:56  Medivac  
  130  7:57  Medivac  
  131  8:07  Marauder, Marine x2  
  131  8:09  Marauder, Marine  
  131  8:11  SCV x3  
  131  8:12  Siege Tank, Marauder  
  146  8:15  Missile Turret  
  146  8:17  Marine  
  146  8:18  Marine x2  
  146  8:19  Marine  
  150  8:22  Command Center  
  150  8:24  Marine  
  150  8:25  Marine  
  152  8:28  Marauder  
  152  8:30  Supply Depot  
  152  8:32  Supply Depot  
  152  8:34  Sensor Tower, Marauder  
  156  8:37  Marine  
  157  8:50  Marine x2  
  157  8:51  Marine  
  157  8:52  Siege Tank, Marauder x2  
  157  8:55  Marauder  
  158  8:56  Marine  
  158  8:58  Medivac  
  158  9:02  Marine  
  147  9:04  Marine  
  147  9:05  Marine  
  138  9:13  Marauder  
  138  9:14  Marauder  
  138  9:15  Marine  
  138  9:16  Marauder  
  144  9:18  Marine x2  
  136  9:24  Siege Tank  
  136  9:26  Marine x3  
  136  9:27  Marine  
  140  9:31  Terran Infantry Weapons Level 3  
  140  9:33  Marine x2  
  140  9:35  Marauder x2  
  140  9:38  Concussive Shells, Marauder  
  148  9:42  SCV x2  
  150  9:48  Marine  
  150  9:51  Marine  
  152  9:53  Medivac x2  
  152  9:56  Siege Tank, Marauder x2  
  152  9:59  Marauder, Marine  
  162  10:01  Orbital Command  
  162  10:02  SCV  
  162  10:03  SCV  
  162  10:05  SCV  
  162  10:18  Marauder x2  
  166  10:26  Medivac x2  
  166  10:28  Siege Tank, Marauder, Marine  
  174  10:36  Marine  
  174  10:38  Marine x4  
  174  10:39  Marauder x2  
  174  10:42  Factory  
  183  10:45  SCV x2  
  183  10:48  Marine  
  183  10:49  Missile Turret  
  177  10:50  Missile Turret  
  177  10:51  Sensor Tower  
  177  10:56  Marine, SCV x2  
  182  10:57  Marauder, Refinery  
  182  10:59  Marine x3  
  182  11:00  Siege Tank  
  184  11:06  Ghost Academy  
  183  11:14  Marauder, Marine  
  184  11:29  Terran Infantry Armor Level 3  
  155  11:59  Orbital Command  
  142  12:18  Factory Tech Lab  
  142  12:21  Supply Depot  
  135  12:23  Supply Depot  
  135  12:25  Missile Turret x2  
  135  12:26  Sensor Tower  
  135  12:36  Supply Depot  
  135  12:37  Supply Depot  
  135  12:42  Command Center x2, Marine x2  
  135  12:43  Marine x2, Marauder, SCV  
  135  12:44  Siege Tank, Marine x2, SCV x3  
  140  12:45  Marauder  
  148  12:54  Marine x2  
  148  12:58  Siege Tank, Marauder, SCV  
  154  13:00  Marine x2  
  154  13:01  Marine, Supply Depot  
  154  13:04  Viking x2, Marauder  
  163  13:06  Marine  
  164  13:13  Supply Depot  
  164  13:14  Supply Depot  
  164  13:15  Marine  
  164  13:16  Missile Turret  
  164  13:17  Marauder, Marine  
  164  13:20  Marine x2  
  164  13:21  Marine  
  164  13:22  Marine x2  
  164  13:23  Siege Tank, Marauder  
  164  13:24  Marine  
  164  13:25  Ghost  
  172  13:29  Refinery  
  172  13:33  Refinery  
  172  13:34  Marine  
  172  13:35  Siege Tank, SCV x3, Marine  
  172  13:36  Command Center  
  172  13:38  Marine  
  172  13:40  Marine  
  184  13:42  Medivac x2  
  184  13:43  Marauder  
  184  13:45  Terran Vehicle Weapons Level 2  
  188  13:49  Marine x2  
  188  13:53  Marauder, Marine  
  189  13:55  Orbital Command  
  189  14:02  Planetary Fortress, Marine  
  192  14:03  Marauder  
  192  14:05  Marine  
  192  14:06  Marauder  
  192  14:07  Siege Tank, Marine  
  197  14:15  Marauder  
  197  14:17  Marine  
  198  14:26  Marauder  
  198  14:37  Marine  
  198  14:38  Marauder  
  197  14:46  Missile Turret  
  197  14:49  Missile Turret  
  197  14:51  Marauder, Marine  
  192  14:53  Marauder, Marine x5  
  179  15:05  Hi-Sec Auto Tracking, Neosteel Armor  
  179  15:06  Marauder, Marine x2  
  182  15:08  Siege Tank, Medivac x2  
  188  15:14  Starport  
  188  15:15  Marauder, Marine x5, Starport  
  188  15:16  Marine  
  188  15:17  Refinery  
  188  15:18  Refinery  
  188  15:20  Marauder  
  196  15:22  Sensor Tower, Missile Turret  
  196  15:24  Marine  
  197  15:36  Ghost  
  195  15:50  Marine  
  195  15:51  Marine  
  195  15:56  Marauder, Marine  
  184  16:00  Siege Tank x2  
  182  16:06  Medivac x2  
  159  16:11  Planetary Fortress  
  159  16:12  Marine  
  159  16:13  Marauder, Marine x7  
  159  16:14  Missile Turret, Marine  
  159  16:15  Starport Reactor x2, Missile Turret  
  159  16:16  Terran Ship Weapons Level 1  
  159  16:17  Marine  
  167  16:19  Fusion Core  
  165  16:30  Marine x3  
  165  16:31  Ghost, Marine x4  
  174  16:34  Marauder  
  174  16:35  Marauder  
  174  16:41  Marine  
  173  16:48  Command Center  
  173  16:50  Marine  
  173  16:51  Command Center  
  174  16:55  Ghost  
  174  16:56  Ghost  
  174  16:59  Ghost  
  180  17:15  Marine x4  
  183  17:16  Siege Tank  
  187  17:23  Ghost  
  187  17:24  Advanced Ballistics  
  187  17:25  Ghost  
  187  17:28  Ghost  
  165  17:45  Marine  
  165  17:46  Siege Tank  
  165  17:47  Liberator  
  165  17:49  Marine x2  
  165  17:52  Ghost  
  165  17:54  Marauder, Marine  
  165  17:57  Marauder  
  160  18:01  Siege Tank  
  160  18:02  Liberator x4  
  160  18:03  Marine  
  160  18:05  Marine  
  176  18:10  Marine  
  176  18:11  Marine  
  178  18:13  Marine  
  178  18:14  Marine  
  178  18:15  Marauder, Marine  
  178  18:18  Ghost  
  185  18:21  Marauder  
  185  18:22  Liberator  
  185  18:24  Planetary Fortress  
  190  18:29  Liberator  
  190  18:32  Siege Tank  
  184  18:36  Marine  
  184  18:37  Marauder  
  177  18:43  Marine, Marauder  
  177  18:45  Liberator x2, Medivac  
  177  18:47  Marauder  
  159  18:51  Medivac  
  159  18:54  Marine  
  148  18:58  Marauder  
  148  18:59  Marine  
  151  19:04  Marauder  
  151  19:05  Medivac  
  151  19:07  Marine x2  
  151  19:09  Marauder  
  155  19:13  Marine  
  148  19:19  Marine, Marauder  
  148  19:20  Marine  
  148  19:21  Siege Tank, Medivac x2  
  148  19:22  Marine  
  129  19:25  Marauder, Marine x2  
  129  19:27  Marine  
  129  19:30  Marauder  
  130  19:35  Marine  
  130  19:37  Marine x3  
  118  19:41  Marauder  
  111  19:47  Marauder  
  111  19:48  Liberator x2  
  111  19:51  Marauder  
  115  19:55  Marine  
  115  19:56  Marine  
  113  20:02  Marauder  
  113  20:03  Marine x2  
  113  20:04  Marine  
  110  20:08  Marauder  
  110  20:09  Marine  
  110  20:10  Marine x2  
  110  20:13  Marine, Marauder  
  114  20:16  Liberator  
  114  20:24  Marauder  
  116  20:30  Marauder  
  116  20:31  Marine x2  
  116  20:34  Marauder  
  90  20:45  Marine  
  90  20:46  Marine, Marauder  
  90  20:48  Marine  
  85  20:59  Marauder  
Show
View Real Time Build Order
Export as new Build Order

Scarlett Zerg - Winner!

Build Orders: Hatch First 

Get SALT Encoding   

  12  0:00  Drone  
  13  0:12  Overlord  
  13  0:18  Drone  
  14  0:31  Drone x2  
  16  0:47  Hatchery  
  15  0:51  Drone  
  15  0:54  Drone  
  17  0:57  Drone  
  18  1:09  Extractor  
  17  1:13  Spawning Pool  
  17  1:16  Drone  
  17  1:19  Drone  
  18  1:28  Drone  
  19  1:39  Drone  
  20  1:49  Overlord  
  20  1:59  Queen x2  
  20  2:00  Zergling x4  
  26  2:14  Metabolic Boost  
  26  2:19  Drone  
  26  2:20  Drone  
  28  2:27  Zergling x2  
  27  2:39  Hatchery  
  27  2:41  Queen  
  27  2:43  Drone  
  29  2:47  Drone  
  30  2:51  Drone  
  30  2:56  Overlord  
  31  2:59  Zergling x4  
  31  3:03  Drone x2  
  34  3:15  Drone  
  34  3:16  Drone x2  
  36  3:30  Drone x4  
  40  3:37  Zergling x2  
  39  3:41  Drone  
  41  3:48  Drone x3  
  41  3:51  Overlord  
  43  4:01  Overlord  
  43  4:02  Drone x3, Queen  
  48  4:10  Drone x2  
  50  4:18  Drone x3  
  50  4:19  Drone x2  
  55  4:24  Queen  
  55  4:27  Drone x2  
  60  4:31  Drone x3  
  60  4:38  Zergling x6  
  65  4:42  Spore Crawler, Queen  
  65  4:43  Spore Crawler x2  
  65  4:44  Drone  
  65  4:53  Overlord  
  65  4:54  Overlord  
  65  5:05  Roach Warren  
  65  5:07  Drone, Overlord  
  65  5:12  Drone x10  
  75  5:18  Queen x2  
  79  5:23  Lair  
  79  5:28  Drone x9  
  79  5:31  Overlord  
  79  5:32  Overlord  
  79  5:35  Extractor  
  87  5:36  Extractor x2  
  87  5:40  Overlord  
  85  5:44  Roach x2, Overlord  
  85  5:48  Hatchery  
  88  5:56  Drone x7  
  95  5:59  Drone x3  
  95  6:00  Extractor x2  
  96  6:06  Evolution Chamber  
  96  6:07  Evolution Chamber  
  96  6:08  Roach x3  
  100  6:15  Overlord x3  
  100  6:16  Drone  
  101  6:19  Roach x2  
  105  6:28  Roach x2  
  105  6:29  Roach x2  
  105  6:30  Overlord  
  105  6:31  Glial Reconstitution  
  113  6:33  Zerg Missile Weapons Level 1  
  113  6:36  Zerg Ground Armor Level 1  
  113  6:37  Overlord  
  113  6:41  Roach x2  
  117  6:47  Drone x7  
  117  6:54  Roach x2  
  128  6:55  Infestation Pit  
  128  7:00  Roach x4  
  135  7:05  Roach x2  
  137  7:20  Drone x9  
  137  7:22  Spore Crawler  
  145  7:27  Roach x6  
  157  7:33  Drone  
  157  7:37  Infestor x3  
  163  7:51  Baneling Nest, Hive  
  162  7:53  Hatchery  
  162  7:55  Overlord x4  
  162  7:56  Extractor, Drone  
  162  7:57  Drone  
  162  7:58  Drone, Hatchery  
  167  8:12  Roach  
  167  8:13  Roach x2  
  167  8:26  Ravager x7  
  174  8:31  Zerg Melee Weapons Level 1  
  174  8:32  Zergling x42  
  195  8:45  Zerg Ground Armor Level 2  
  195  8:47  Extractor  
  194  8:55  Zergling x12  
  195  9:02  Roach x7  
  167  9:16  Adrenal Glands  
  158  9:19  Drone x9  
  156  9:26  Hatchery  
  156  9:28  Queen x2  
  156  9:31  Roach x14  
  187  9:32  Ravager x3  
  187  9:33  Zergling x4  
  192  9:45  Ravager x4  
  195  9:46  Zergling x10  
  187  10:04  Ravager  
  187  10:05  Centrifugal Hooks  
  188  10:07  Zergling x22  
  195  10:17  Zergling x10  
  196  10:27  Zerg Melee Weapons Level 2  
  196  10:28  Viper x2  
  191  10:33  Zergling x8  
  191  10:35  Ravager x2  
  200  10:41  Drone  
  196  10:45  Burrow  
  196  10:48  Spine Crawler  
  196  10:49  Drone x5  
  197  10:50  Drone  
  197  11:03  Zergling x14  
  192  11:14  Zergling x16  
  156  11:43  Drone x2  
  149  11:51  Drone  
  149  11:52  Drone  
  148  11:54  Roach x8  
  148  11:55  Roach x14  
  148  11:59  Infestor x3  
  192  12:07  Spore Crawler  
  192  12:08  Spore Crawler, Roach x8  
  199  12:09  Hatchery  
  199  12:13  Drone  
  199  12:14  Drone x4  
  199  12:26  Ultralisk Cavern  
  198  12:32  Zergling x2  
  198  12:33  Ravager  
  198  12:35  Zerg Ground Armor Level 3  
  200  12:41  Spore Crawler  
  189  13:01  Zergling x22  
  199  13:09  Drone x4  
  199  13:10  Drone  
  198  13:18  Drone x3  
  196  13:22  Chitinous Plating  
  196  13:24  Zerg Melee Weapons Level 3  
  196  13:27  Drone x4  
  199  13:30  Extractor  
  198  13:42  Hatchery  
  195  13:50  Ravager  
  195  13:51  Ravager  
  195  13:54  Ravager x6  
  197  14:11  Drone x5  
  197  14:15  Drone x4  
  197  14:19  Drone x7  
  200  14:28  Drone  
  197  14:32  Drone  
  197  14:38  Spore Crawler, Ultralisk  
  197  14:41  Anabolic Synthesis  
  192  14:45  Spore Crawler  
  187  14:55  Zergling x2  
  187  14:56  Zergling x24  
  198  15:02  Drone x2  
  198  15:03  Hatchery  
  199  15:08  Infestor  
  199  15:12  Zergling x8  
  199  15:15  Drone  
  199  15:18  Spore Crawler  
  199  15:25  Drone  
  199  15:35  Spire  
  154  15:58  Drone x23  
  154  16:01  Hatchery  
  159  16:16  Hatchery  
  159  16:17  Overlord x2  
  159  16:18  Ultralisk x5, Hatchery  
  187  16:29  Overlord x3  
  187  16:37  Pneumatized Carapace  
  187  16:38  Overseer x3  
  179  16:41  Viper x3  
  188  16:55  Spine Crawler x3  
  188  16:57  Greater Spire  
  188  17:00  Infestor, Zerg Missile Weapons Level 2  
  185  17:04  Zergling x28  
  198  17:17  Extractor  
  197  17:26  Drone x2  
  192  17:42  Ultralisk x2  
  195  17:51  Ultralisk x4  
  195  17:56  Zergling x6, Ultralisk x3  
  193  18:06  Zergling x4  
  199  18:15  Overseer x3  
  199  18:16  Baneling x2  
  199  18:22  Drone x4  
  194  18:29  Hatchery  
  194  18:33  Ultralisk  
  194  18:34  Infestor  
  183  18:46  Ultralisk x3  
  183  18:47  Zergling x48  
  192  18:55  Roach x2  
  186  19:07  Zerg Flyer Weapons Level 1  
  186  19:08  Ravager  
  176  19:15  Ultralisk  
  176  19:16  Zergling x36  
  188  19:23  Ultralisk  
  188  19:24  Zergling x8  
  177  19:27  Drone x2  
  177  19:37  Ravager x2  
  177  19:38  Zergling x12  
  177  19:39  Zergling x8  
  177  19:41  Drone x4  
  177  19:42  Drone x4  
  187  19:59  Roach  
  199  20:00  Roach x9  
  190  20:13  Unknown  
  173  20:23  Zergling x42  
  191  20:32  Zergling x10, Ultralisk  
  180  21:03  Hatchery  
  178  21:06  Zergling x2, Baneling x12  
  178  21:07  Zergling x44  
  199  21:15  Ravager x3  

Tags
 
Add a new tag
Caveats
  • Supply blocks, unpowered buildings, or Contaminate may cause inaccurate times.
  • Supply counts are checked every 10 seconds.